 Dungeon Crawl Stone Soup version 0.30-a0-341-g682706514a (webtiles) character file.

Game seed: 12786375601983567461

129 Harunobu the Trooper (level 5, 0/34 HPs)
             Began as a Gargoyle Monk on Nov 3, 2022.
             Slain by a hound (4 damage)
             ... on level 3 of the Dungeon.
             The game lasted 00:05:42 (3639 turns).

Harunobu the Trooper (Gargoyle Monk)                Turns: 3639, Time: 00:05:42

Health: 0/34       AC: 14    Str: 17    XL:     5   Next: 12%
Magic:  5/5        EV:  7    Int: 10    God:
Gold:   180        SH:  0    Dex: 12    Spells: 4/4 levels left

rFire   . . .      SeeInvis .    r - +2 dagger (speed)
rCold   . . .      Faith    .    (no shield)
rNeg    + . .      Spirit   .    s - +0 chain mail
rPois   ∞          Reflect  .    (no helmet)
rElec   +          Harm     .    n - +0 cloak
rCorr   .          Rampage  .    p - +0 pair of gloves
Will    .....                    (no boots)
Stlth   ..........               (no amulet)
HPRegen 0.25/turn                (no ring)
MPRegen 0.09/turn                (no ring)

@: no status effects
A: sickness immunity, AC +4, negative energy resistance 1, electricity
resistance, torment resistance 1, petrification resistance
a: no special abilities


You were on level 3 of the Dungeon.
You visited 1 branch of the dungeon, and saw 4 of its levels.

You collected 180 gold pieces.

Inventory:

Hand Weapons
 a - a +0 mace
 h - a +0 whip
 r - a +2 dagger of speed (weapon)
Armour
 b - a +0 robe
 n - a +0 cloak (worn)
 p - a +0 pair of gloves (worn)
 s - a +0 chain mail (worn)
Scrolls
 f - a scroll of noise {unknown}
 g - 3 scrolls of identify {unknown}
 i - a scroll of brand weapon {unknown}
 k - a scroll of acquirement {unknown}
 l - a scroll of immolation {unknown}
 o - a scroll of torment {unknown}
 t - a scroll of teleportation {unknown}
 u - a scroll of amnesia {unknown}
 v - a scroll of enchant weapon {unknown}
Potions
 c - a potion of ambrosia
 d - a potion of brilliance {unknown}
 e - 3 potions of curing {unknown}
 j - a potion of haste {unknown}
 m - a potion of mutation {unknown}
 q - a potion of magic {unknown}


   Skills:
 + Level 4.4 Fighting
 - Level 3.0 Maces & Flails
 + Level 3.3 Dodging
 + Level 3.8 Stealth


You had 4 spell levels left.
You didn't know any spells.
Your spell library contained the following spells:

 Spells                   Type           Power      Damage    Failure   Level
 Animate Armour           Summ/Erth      0%         N/A       100%        4
 Blade Hands              Tmut           0%         N/A       100%        5
 Iron Shot                Conj/Erth      0%         9d1       100%        6


Dungeon Overview and Level Annotations

Branches:
Dungeon (4/15)
 Temple: D:4-7

Altars:

Shops:
D:3 [

Annotations:
D:4 Menkaure


Innate Abilities, Weirdness & Mutations

You are immune to sickness and miasma.
Your stone body is resilient. (AC +4)
You are immune to poison.
You resist negative energy. (rN+)
You are resistant to electric shocks. (rElec)
You are resistant to unholy torment.
You are immune to petrification.


Message History

* * * LOW HITPOINT WARNING * * *
You hit the hound.
The hound is heavily wounded.
The hound bites you but does no damage.
The hobgoblin hits you but does no damage.
The hound barely misses you. The hound attacks as you move away!
The hound barely misses you.
You hit the hound.
The hound is severely wounded.
The hound closely misses you. The hound barely misses you.
The orc priest looks braver for a moment.
You closely miss the hound.
The hound is heavily wounded.
The hound bites you but does no damage. The hound attacks as you move away!
The hound bites you but does no damage.
You miss the hound.
The hound is heavily wounded.
The hound bites you but does no damage. The hound attacks as you move away!
The hound bites you but does no damage.
The hound pauses to sniff the ground.
The hound barely misses you.
You hit the hound.
The hound is severely wounded.
The hound barely misses you.
You hit the hound.
The hound is almost dead.
The hound bites you but does no damage.
The orc priest invokes the aid of Beogh against you.
Beogh smites you!
* * * LOW HITPOINT WARNING * * *
The hound attacks as you move away! The hound barely misses you.
The hound stops to sniff the ground.
The hound bites you but does no damage.
The hound pauses to sniff the ground.
The hound bites you but does no damage. The hound barely misses you.
The hound bites you but does no damage. The hound attacks as you move away!
The hound bites you but does no damage. The hound attacks as you move away!
The hound bites you.
You die...

#.#.# #......)..♣P~~P♣#####
#∩#.######..######.♣~P~♣.#
#......o....# #.~~~~♣.#
###.#######.# #.>♣~♣#.# #.# #o#
###.~##.##### #.# #.# #..##......
#.# #.# #..##..#### #.#
####g########..##..#### #.#
#....h@........##......
#.####.##.########.####..... ##
#......##.# #.# #..... .##
#########.# #.# #..... ..# #.#
#.# #..... ..# #.# #.# #.....
[.#### ##.########.# ##....
.....########...........#####....
.<........)<....#######..#..)....


You could see a hound and a hobgoblin.

Vanquished Creatures
  An orc wizard (D:3)
  2 adders (D:3)
  2 worms
  3 dart slugs
  10 orcs
  5 ball pythons
  11 endoplasms
  A giant cockroach (D:1)
  5 goblins
  A hobgoblin (D:3)
  6 kobolds
  2 quokkas
  6 bats
  2 frilled lizards
  3 rats
60 creatures vanquished.

Notes
Turn   | Place    | Note
-------+----------+-------------------------------------------
     0 | D:1      | Harunobu the Gargoyle Monk began the quest for the Orb.
     0 | D:1      | Reached XP level 1. HP: 14/14 MP: 1/1
   302 | D:1      | Reached XP level 2. HP: 19/19 MP: 2/2
  1251 | D:2      | Reached XP level 3. HP: 11/24 MP: 3/3
  2428 | D:2      | Reached skill level 4 in Fighting
  2550 | D:3      | Found Erphiyniqy's Armour Boutique.
  2633 | D:3      | Reached XP level 4. HP: 28/29 MP: 4/4
  3316 | D:3      | Reached XP level 5. HP: 33/34 MP: 5/5
  3429 | D:4      | Noticed Menkaure
  3639 | D:3      | Slain by a hound

Illustrated notes

Levels and vault maps discovered:
D:1:      lemuel_arrival_cross, layout_basic
D:2:      layout_basic
D:3:      layout_loops_ring, serial_bayou, serial_bayou_crossing,
          serial_bayou_ford_a, serial_bayou_shore_a, serial_bayou_pond_a,
          serial_shops, shop
D:4:      layout_cave_pools, kennysheep_mini_moat,
          mainiacjoe_overflow_two_lobes, minmay_quadrilaterals, uniq_sigmund,
          uniq_menkaure

Skill      XL: |  1  2  3 |
---------------+----------+-----
Stealth        | 3 |  3.8
Fighting       | 4 |  4.4
Dodging        | 3 |  3.3
Maces & Flails | |  3.0

Action                   |  1- 3 |  4- 6 || total
-------------------------+-------+-------++-------
Melee: Mace              |     6 |       ||     6
       Whip              |   150 |       ||   150
       Dagger            |    18 |   112 ||   130
       Punch             |     1 |       ||     1
 Stab: Sleeping          |     7 |       ||     7
Armor: Robe              |    41 |     7 ||    48
       Chain mail        |       |    58 ||    58
Dodge: Dodged            |    86 |    45 ||   131

Table legend: (Time is in decaauts)
 A = Elapsed time spent in this place.
 B = Non-inter-level travel time spent in this place.
 C = Inter-level travel time spent in this place.
 D = Time resting spent in this place.
 E = Time spent auto-exploring this place.
 F = Levels seen in this place.
 G = Mean time per level.
                   A        B        C        D        E       F      G
               +--------+--------+--------+--------+--------+-----+--------+
         Total |   3632 |   3431 |    201 |    734 |   2033 |   4 |  908.0 |
       Dungeon |   3632 |   3431 |    201 |    734 |   2033 |   4 |  908.0 |
               +--------+--------+--------+--------+--------+-----+--------+

Top non-repeatable levels by time:
     D:2: 1285 daAuts
     D:1: 1206 daAuts
     D:3: 1094 daAuts
     D:4: 45 daAuts
